 Dungeon Crawl Stone Soup version 0.23-a0-550-g7de1f8e (webtiles) character file.

320298 Amnesiac the Imperceptible (level 20, -1/111 HPs)
             Began as a Spriggan Enchanter on Dec 8, 2018.
             Was an Initiate of Gozag.
             Slain by a reaper
             ... wielding a +5 scythe of freezing
             ... summoned by a deep elf demonologist
              (19 damage)
             ... on level 3 of the Elven Halls.
             The game lasted 02:27:00 (57683 turns).

Amnesiac the Imperceptible (Spriggan Enchanter)    Turns: 57683, Time: 02:27:01

Health: -1/111     AC: 12    Str:  4    XL:     20   Next: 62%
Magic:  36/42      EV: 29    Int: 23    God:    Gozag
Gold:   12356      SH: 16    Dex: 19    Spells: 7/54 levels left

rFire    . . .     SeeInvis +   a - +0 rapier (elec)
rCold    . . .     Gourm    .   Y - +3 buckler {AC+3}
rNeg     . . .     Faith    .   r - +2 robe {Archmagi}
rPois    .         Spirit   .   N - +2 hat {MR+}
rElec    .         Reflect  +   S - +2 cloak
rCorr    .         Harm     .   (gloves unavailable)
MR       ++++.                  (boots unavailable)
Stlth    +++++++++.             Z - +5 amulet of reflection
HPRegen  0.28/turn              B - +6 ring of slaying
MPRegen  0.28/turn              D - +5 ring of slaying

@: very slightly contaminated, invisible, deflect missiles, very quick
A: very small, unfitting armour, see invisible, herbivore, speed 3, slow
metabolism 2
}: 2/15 runes: decaying, serpentine
a: Potion Petition, Call Merchant, Bribe Branch, Renounce Religion


You were on level 3 of the Elven Halls.
You worshipped Gozag.
Gozag was extremely pleased with you.
You were not hungry.

You visited 7 branches of the dungeon, and saw 35 of its levels.
You visited the Abyss 1 time.
You also visited: Ice Cave.

You collected 16483 gold pieces.
You spent 3903 gold pieces at shops.
You paid 224 gold pieces to Gozag.

Inventory:

Hand Weapons
 a - a +0 rapier of electrocution (weapon)
 b - a +0 blowgun
Missiles
 o - a throwing net (quivered)
 J - 2 needles of sleeping
 P - 12 poisoned needles
 V - 10 needles of confusion
Armour
 r - a +2 robe of the Archmagi (worn)
 N - a +2 hat of magic resistance (worn)
 S - a +2 cloak (worn)
 Y - a +3 buckler of protection (worn)
Jewellery
 l - an uncursed ring of resist corrosion
 y - an uncursed ring of magical power
 B - a +6 ring of slaying (left hand)
 D - a +5 ring of slaying (right hand)
 L - an uncursed ring of protection from cold
 X - an uncursed ring of wizardry
 Z - a +5 amulet of reflection (around neck)
Wands
 m - a wand of paralysis (43)
 x - a wand of enslavement (9)
 C - a wand of acid (30)
 F - a wand of iceblast (20)
 G - a wand of random effects (59)
 K - a wand of digging (11)
 R - a wand of clouds (2)
Scrolls
 c - 11 scrolls of remove curse {!r}
 i - 22 scrolls of identify {!r}
 j - 7 scrolls of magic mapping {!r}
 w - 16 scrolls of teleportation {!r}
 z - 6 scrolls of enchant weapon {!r}
 A - 2 scrolls of amnesia {!r}
 E - 6 scrolls of fear {!r}
 H - a scroll of brand weapon {!r}
 I - 3 scrolls of blinking {!r}
 M - 2 scrolls of vulnerability {!r}
 U - a scroll of summoning {!r}
Potions
 e - 5 potions of haste {!q}
 f - 3 potions of resistance {!q}
 g - 5 potions of brilliance {!q}
 h - 9 potions of heal wounds {!q}
 k - 18 potions of curing {!q}
 n - 4 potions of magic {!q}
 p - 9 potions of flight {!q}
 q - 2 potions of mutation {!q}
 t - 3 potions of cancellation {!q}
 v - a potion of invisibility {!q}
 O - 5 potions of might {!q}
 Q - 5 potions of agility {!q}
Miscellaneous
 s - a lightning rod (4/4)
 u - a lamp of fire
 W - a fan of gales
Comestibles
 d - 29 rations


   Skills:
 - Level 14.0 Fighting
 - Level 10.0 Short Blades
 - Level 12.0 Dodging
 - Level 24.0 Stealth
 - Level 7.5 Shields
 + Level 17.8 Spellcasting
 + Level 17.8 Hexes
 - Level 12.0 Charms
 - Level 5.0 Air Magic
 - Level 8.0 Evocations


You had 7 spell levels left.
You knew the following spells:

 Your Spells              Type           Power        Failure   Level  Hunger
a - Ensorcelled Hibernat  Hex/Ice        ######       1%          2    None
b - Yara's Violent Unrav  Hex/Tmut       #######...   1%          5    None
c - Summon Mana Viper     Hex/Summ       #######.     1%          5    None
d - Dazzling Spray        Conj/Hex       ######       1%          3    None
e - Confuse               Hex            ########     0%          3    None
f - Summon Butterflies    Summ           ####....     2%          1    None
g - Discord               Hex            ########..   11%         8    #######
q - Spectral Weapon       Hex/Chrm       #######.     0%          3    None
r - Regeneration          Chrm/Necr      ######....   1%          3    None
s - Silence               Hex/Air        #######...   1%          5    None
w - Tukima's Dance        Hex            ########     0%          3    None
x - Deflect Missiles      Chrm/Air       ######....   12%         6    ####...

Your spell library contained the following spells:

 Spells                   Type           Power        Failure   Level  Hunger
 Corona                   Hex            #######      0%          1    None
 Cause Fear               Hex            ########..   0%          4    None
 Infusion                 Chrm           ####         1%          1    None
 Shroud of Golubria       Chrm/Tloc      ######....   1%          2    None
 Song of Slaying          Chrm           #######.     1%          2    None
 Animate Skeleton         Necr           N/A          2%          1    None
 Pain                     Necr           ####         2%          1    None
 Call Canine Familiar     Summ           ####....     8%          3    None
 Vampiric Draining        Necr           ####......   8%          3    None
 Animate Dead             Necr           N/A          26%         4    None
 Summon Ice Beast         Ice/Summ       ####....     26%         4    None
 Summon Hydra             Summ           ####......   100%        7    #####..


Dungeon Overview and Level Annotations

Branches:
Dungeon (15/15)            Temple (1/1) D:7            Lair (6/6) D:8
  Swamp (4/4) Lair:2        Snake (4/4) Lair:4        Slime (0/5) Lair:5
    Orc (2/2) D:9             Elf (3/3) Orc:2        Vaults (0/5) D:14
 Depths (0/5) D:15

Altars:
Ashenzari
Cheibriados
Dithmenos
Elyvilon
Fedhas
Gozag
Hepliaklqana
Kikubaaqudgha
Makhleb
Nemelex Xobeh
Okawaru
Qazlal
Ru
Sif Muna
Trog
Uskayaw
Vehumet
Wu Jian
Xom
Yredelemnul
Zin
The Shining One
Beogh

Shops:
D:10 (=*(%   Orc:2 ??(}   Snake:3 =}}=   Snake:4 (

Annotations:
Lair:2 exclusion: 4 oklob plants


Innate Abilities, Weirdness & Mutations

You are very small and have problems with some larger weapons.
You are too small for most types of armour.
You have supernaturally acute eyesight. (SInv)
You are a herbivore.
You cover ground extremely quickly.
You need to consume almost no food.


Message History

You block the ghostly deep elf death mage's attack.
You closely miss the ghostly deep elf death mage.
The ghostly deep elf death mage is lightly damaged.
The deep elf demonologist gestures wildly while chanting.
The deep elf high priest becomes distracted by the nearby gold, dreaming of You hit the ghostly deep elf death mage.
Lightning courses through the ghostly deep elf death mage!
The ghostly deep elf death mage is moderately damaged.
The ghostly deep elf death mage completely misses you.
You closely miss the ghostly deep elf death mage.
The ghostly deep elf death mage is moderately damaged.
The deep elf high priest is no longer distracted by gold.
The ghostly deep elf death mage becomes distracted by the nearby gold, dreaming The orange demon screeches!
The ghostly deep elf death mage shouts!
You puncture the ghostly deep elf death mage!
The ghostly deep elf death mage is no longer distracted by gold.
The ghostly deep elf death mage is heavily damaged.
The deep elf demonologist becomes distracted by the nearby gold, dreaming of The deep elf high priest whispers, "Deep inside, it's sometimes so empty."
The deep elf high priest invokes the aid of its god against you.
Something smites you!
The ghostly deep elf death mage points at you and mumbles some strange words.
The bolt of negative energy misses you.
You barely miss the ghostly deep elf death mage.
The ghostly deep elf death mage is heavily damaged.
You puncture the ghostly deep elf death mage!
Lightning courses through the ghostly deep elf death mage!
The ghostly deep elf death mage is almost destroyed.
The ghostly deep elf death mage hits you but does no damage.
You puncture the ghostly deep elf death mage!
You destroy the ghostly deep elf death mage!
The deep elf sorcerer points at you and mumbles some strange words.
You resist with almost no effort.
The reaper becomes distracted by the nearby gold, dreaming of imaginary riches.
The reaper is no longer distracted by gold.
You block the deep elf sorcerer's attack.
The deep elf high priest mumbles some strange prayers to its god against you.
Something smites you!
You hear a shout!
Things that are here:
a +0 dagger; a +0 ring mail You barely miss the deep elf sorcerer.
The deep elf demonologist is no longer distracted by gold.
You block the reaper's attack.
The deep elf sorcerer becomes distracted by the nearby gold, dreaming of The deep elf demonologist casts a spell.
The deep elf sorcerer shouts!
You barely miss the deep elf sorcerer.
The deep elf sorcerer is no longer distracted by gold.
The orange demon screeches!
You hear a shout!
You block the deep elf sorcerer's attack.
The deep elf high priest mumbles some strange prayers to its god against you.
The sphere of damnation explodes!
The damnation engulfs you!
* * * LOW HITPOINT WARNING * * *
The damnation engulfs the deep elf sorcerer.
You hear a shout! x2
Really quaff
h - 10 potions of heal wounds {!q}?
You feel much better.
The orange demon disappears in a puff of smoke!
The reaper hits you from afar with a +5 scythe of freezing!!!
* * * LOW HITPOINT WARNING * * *
The reaper freezes you!!
You die...
Your body crumbles into a pile of gold.

#..# #.#.#
#......##.###### #..#
#.#.###..#..#...#
#..#
#e#.....##.###.##
#..# #e#####..#..#.##
##E.###..####.#.4#.##
#...##..$$....##§###
##..##.........2ee.#
#e.##§#...(####e#4#
#..# #..... #@#4#
#E.#
#.....###$#.#########
##..#
#......$...........#
#EE.#
######($$..#######.#
.#$*# #..$..# #.#
.#ee# #.....# #.#
#..# ##.....# #.#
#..# #.(...# #.# #e.#
##.#### #.#


You could see a reaper, a deep elf sorcerer, a deep elf demonologist, an orange
demon (wandering), a deep elf high priest and 2 hellwings.

Vanquished Creatures
  Nikola (Swamp:4)
  Jorgrun (Swamp:1)
  Rupert (Lair:5)
  The ghost of Potteusyxu the Hoplite, an adept MiBe of Trog (Snake:1)
  A deep elf blademaster (Elf:3)
  The ghost of Roghewn the Warrior, an adept FoFi of Gozag (Swamp:1)
  A deep elf master archer (Elf:3)
  6 thorn hunters
  A tentacled starspawn (Abyss:1)
  Gastronok (D:8)
  10 nagarajas
  A frost giant (IceCv)
  Louise (Snake:1)
  2 deep elf sorcerers
  3 deep elf elementalists (Elf:3)
  The ghost of kirsanium the Eclecticist, an adept DECj of Vehumet (Snake:1)
  The ghost of Zuhuvud the Grappler, a journeyman TrMo of Cheibriados (Lair:6)
  2 deep elf demonologists
  2 deep elf annihilators (Elf:3)
  The ghost of Pusaoj the Basher, a journeyman MiBe of Trog (Lair:6)
  Azrael (D:15)
  A fire dragon (Lair:5)
  Snorg (Lair:3)
  A deep elf death mage (Elf:3)
  2 deep elf high priests
  Josephine (D:15)
  Fannar (Lair:1)
  20 hydras
  21 naga warriors
  A rakshasa (D:15)
  4 vault guards (D:14)
  4 anacondas
  7 shambling mangroves
  A ghost crab (Swamp:2)
  2 catoblepae
  8 two-headed ogres
  12 alligators
  4 centaur warriors
  2 tengu warriors (D:15)
  6 death yaks
  2 ogre magi
  A large abomination (Abyss:1)
  6 orc high priests
  18 naga sharpshooters
  8 shock serpents
  20 deep elf knights
  The ghost of MisterFreud the Conjurer, a novice NaFE of Cheibriados (D:6)
  The ghost of Thaneod the Destroyer, a novice DEIE of Vehumet (D:9)
  3 salamander mystics
  An unseen horror (D:15)
  2 spriggan druids
  Pikel (D:5)
  11 swamp dragons
  7 naga ritualists
  A lindwurm (Lair:5)
  7 orc knights
  12 deep elf archers
  8 ugly things
  51 deep elf magi
  3 mana vipers
  An anaconda skeleton (Abyss:1)
  2 wolf spider zombies
  A manticore (D:14)
  An oklob plant (Swamp:3)
  2 orc sorcerers (Orc:2)
  A wolf spider (D:12)
  16 salamanders
  3 cyclopes
  4 centaur zombies
  The ghost of MisterFreud the Cleaver, a novice HOGl (D:5)
  11 elephants
  31 black mambas
  An eye of devastation (Lair:5)
  A black mamba (shapeshifter) (Elf:3)
  The ghost of PeterLawrence the Basher, a novice MiFi of Okawaru (D:5)
  3 gargoyles
  3 guardian serpents
  The ghost of Nr616 the Cleaver, a novice MiFi of Okawaru (D:5)
  25 naga magi
  A torpor snail (Lair:3)
  17 spiny frogs
  10 rime drakes
  2 centaur skeletons (D:15)
  An ice statue (IceCv)
  12 komodo dragons
  3 kobold demonologists (D:14)
  A yaktaur (D:15)
  A queen bee (shapeshifter) (D:15)
  A komodo dragon (shapeshifter) (Elf:1)
  6 trolls
  A meliai (shapeshifter) (Abyss:1)
  21 polar bears
  Prince Ribbit (D:7)
  14 hornets
  10 tyrant leeches
  11 bog bodies
  9 blink frogs
  34 slime creatures
  9 hippogriffs
  5 dream sheep
  A centaur simulacrum (D:15)
  Sigmund (D:3)
  3 shadows
  A vampire (D:15)
  14 spriggans
  2 air elementals (Elf:1)
  2 tarantellas (shapeshifter)
  6 redbacks (D:12)
  A water elemental (Elf:2)
  Grum (Lair:2)
  2 wyverns
  4 ynoxinuls
  A yak (shapeshifter) (D:15)
  29 yaks
  4 basilisks
  3 fire elementals (D:14)
  6 wraiths (D:15)
  A basilisk (shapeshifter) (D:15)
  10 vampire mosquitoes
  The ghost of derval the Digger, an amateur DDEE (D:4)
  A hungry ghost (D:11)
  9 steam dragons (Lair:5)
  5 insubstantial wisps (Swamp:1)
  4 wargs
  51 nagas
  A soldier ant (shapeshifter) (D:15)
  18 swamp worms
  2 acid dragons
  A soldier ant (D:14)
  3 hell hounds
  8 porcupines
  19 water moccasins
  47 orc warriors
  14 swamp drakes
  An ice beast (D:14)
  2 sky beasts
  A black bear (shapeshifter) (D:15)
  5 black bears
  4 slaves (D:5)
  12 ogres
  3 necrophages
  A phantom (D:9)
  35 wolves
  An eye of draining (Lair:5)
  14 centaurs
  8 boggarts
  16 crocodiles
  3 big kobolds
  20 bullfrogs
  A small abomination (Abyss:1)
  A wyvern zombie (D:8)
  A gnoll sergeant (D:10)
  4 earth elementals
  2 scorpions
  18 killer bees
  4 wights
  An oklob sapling (Swamp:3)
  A howler monkey (D:9)
  4 electric eels (Lair:2)
  7 crimson imps
  2 bullfrog zombies
  A quasit (D:10)
  5 hounds
  A wyvern simulacrum (D:15)
  24 orc priests
  4 bullfrog skeletons
  3 jellies
  16 orc wizards
  Ijyb (D:4)
  11 worker ants
  Natasha (thrice) (D:4)
  Terence (D:2)
  2 iguanas
  A hound zombie (D:6)
  3 worker ant zombies
  Robin (D:2)
  4 gnolls
  11 adders
  A shadow imp (D:14)
  An adder zombie (D:7)
  2 adder skeletons
  4 worms
  4 dart slugs
  3 leopard geckos
  103 orcs
  17 goblins
  11 hobgoblins
  11 jackals
  6 quokkas
  A ball python (D:6)
  6 bats
  4 frilled lizards
  13 kobolds
  2 quokka skeletons
  4 rats
  2 fungi
  A starspawn tentacle (Abyss:1)
1318 creatures vanquished.

Vanquished Creatures (others)
  A deep elf annihilator (Elf:3)
  A deep elf knight (Elf:2)
  3 deep elf archers
  4 deep elf magi
  A rime drake (Lair:5)
  30 dancing weapons
  A vampire mosquito (Swamp:2)
  An orc warrior (Elf:3)
  An electric eel (Lair:2)
  2 orcs
  A quokka (D:8)
  2 bushes
  12 fungi
  4 plants
  3 spectral weapons
  2 starspawn tentacles (Abyss:1)
  4 withered plants (D:5)
73 creatures vanquished.

Grand Total: 1391 creatures vanquished

Notes
Turn   | Place    | Note
-------+----------+-------------------------------------------
     0 | D:1      | Amnesiac the Spriggan Enchanter began the quest for the
                  | Orb.
     0 | D:1      | Reached XP level 1. HP: 9/9 MP: 5/5
   560 | D:1      | Reached XP level 2. HP: 13/13 MP: 6/6
   564 | D:1      | Learned a level 2 spell: Ensorcelled Hibernation
   628 | D:2      | Noticed Sigmund
   846 | D:4      | Found a runed gate.
   846 | D:4      | Found a runed gate.
   846 | D:4      | Found a runed gate.
  1068 | D:4      | Noticed an ogre
  1121 | D:4      | Reached skill level 5 in Stealth
  1121 | D:4      | Reached XP level 3. HP: 16/16 MP: 2/8
  1126 | D:4      | Learned a level 3 spell: Confuse
  1235 | D:4      | Noticed Ijyb
  1268 | D:4      | Noticed Natasha
  1599 | D:2      | Noticed Terence
  1603 | D:2      | Killed Terence
  1603 | D:2      | Reached XP level 4. HP: 21/21 MP: 7/10
  1626 | D:2      | Noticed Robin
  1926 | D:4      | Learned a level 3 spell: Dazzling Spray
  1926 | D:4      | Killed an ogre
  1926 | D:4      | Reached XP level 5. HP: 24/24 MP: 7/12
  1932 | D:4      | Learned a level 3 spell: Tukima's Dance
  2002 | D:4      | Reached skill level 6 in Stealth
  2094 | D:4      | Reached skill level 5 in Dodging
  2919 | D:3      | Killed Sigmund
  2919 | D:3      | Reached XP level 6. HP: 28/28 MP: 10/14
  3119 | D:5      | Entered Level 5 of the Dungeon
  3119 | D:5      | Noticed Pikel
  3119 | D:5      | Noticed a slave
  3119 | D:5      | Noticed a slave
  3119 | D:5      | Noticed a slave
  3119 | D:5      | Noticed a slave
  3120 | D:5      | Killed a slave
  3122 | D:5      | Killed a slave
  3124 | D:5      | Killed Pikel
  3124 | D:5      | Reached skill level 8 in Stealth
  3124 | D:5      | Reached skill level 5 in Spellcasting
  3124 | D:5      | Reached XP level 7. HP: 32/32 MP: 14/16
  3139 | D:5      | Found a shattered altar of Ashenzari.
  3415 | D:5      | Found a runed gate.
  3415 | D:5      | Found a runed gate.
  3418 | D:5      | Found a runed gate.
  3449 | D:5      | Found a shadowy altar of Dithmenos.
  3772 | D:5      | Learned a level 3 spell: Regeneration
  4081 | D:5      | Noticed Nr616's ghost (novice MiFi)
  4102 | D:5      | Found a basalt altar of Yredelemnul.
  4155 | D:5      | Found a white marble altar of Elyvilon.
  4267 | D:5      | Noticed PeterLawrence's ghost (novice MiFi)
  4269 | D:5      | Noticed MisterFreud's ghost (novice HOGl)
  4285 | D:6      | Noticed MisterFreud's ghost (novice NaFE)
  4294 | D:6      | Found a glowing silver altar of Zin.
  4366 | D:6      | Reached XP level 8. HP: 36/36 MP: 18/18
  4428 | D:6      | Found a runed gate.
  4428 | D:6      | Found a runed gate.
  4428 | D:6      | Found a runed gate.
  4555 | D:6      | Found a snail-covered altar of Cheibriados.
  4984 | D:6      | Found a glowing golden altar of the Shining One.
  5042 | D:6      | Reached skill level 5 in Short Blades
  5174 | D:7      | Reached skill level 1 in Fighting
  5205 | D:7      | Noticed Prince Ribbit
  5206 | D:7      | Noticed a white ugly thing
  5207 | D:7      | Found a staircase to the Ecumenical Temple.
  5214 | Temple   | Entered the Ecumenical Temple
  5527 | D:7      | Killed a white ugly thing
  5527 | D:7      | Reached skill level 5 in Hexes
  5527 | D:7      | Reached XP level 9. HP: 42/43 MP: 15/22
  5532 | D:7      | Killed Prince Ribbit
  5900 | D:2      | Killed Robin
  6660 | D:8      | Found a staircase to the Lair.
  6661 | D:8      | Noticed an elephant
  6692 | D:8      | Found a sacrificial altar of Ru.
  6834 | D:8      | Found a white marble altar of Elyvilon.
  6834 | D:8      | Noticed a two-headed ogre
  7192 | D:9      | Found a staircase to the Orcish Mines.
  7253 | D:9      | Found a radiant altar of Vehumet.
  7399 | D:9      | Found an iron altar of Okawaru.
  7475 | D:9      | Identified the +2 battleaxe "Qeonumoll" {protect, MR+ Str+3
                  | SInv}
  7475 | D:9      | Identified the +5 chain mail "Aschag Lepodgh" {rC+ Slay+4}
  7476 | D:9      | Found a runed gate.
  7478 | D:9      | Found an opulent altar of Gozag.
  7481 | D:9      | Became a worshipper of Gozag Ym Sagoz the Greedy
  7488 | D:9      | Noticed Thaneod's ghost (novice DEIE)
  9804 | D:4      | Found a runed gate.
  9804 | D:4      | Found a runed gate.
  9804 | D:4      | Found a runed gate.
  9808 | D:4      | Noticed derval's ghost (amateur DDEE)
  9932 | D:4      | Killed Ijyb
  9980 | D:4      | Killed Natasha
 10196 | D:4      | Noticed Natasha
 10202 | D:4      | Killed Natasha
 10435 | D:4      | Noticed Natasha
 10444 | D:4      | Killed Natasha
 10657 | D:5      | Found a shadowy altar of Dithmenos.
 10739 | D:5      | Found a runed gate.
 10860 | D:5      | Found a runed gate.
 10937 | D:5      | Found a basalt altar of Yredelemnul.
 11061 | D:5      | Found a shattered altar of Ashenzari.
 11156 | D:5      | Found a white marble altar of Elyvilon.
 11415 | D:5      | Found a runed gate.
 11492 | D:5      | Killed PeterLawrence's ghost
 11511 | D:5      | Killed Nr616's ghost
 11516 | D:5      | Killed MisterFreud's ghost
 11516 | D:5      | Reached XP level 10. HP: 26/49 MP: 10/23
 11631 | D:4      | Killed derval's ghost
 11788 | D:6      | Found a runed gate.
 11789 | D:6      | Found a runed gate.
 11789 | D:6      | Found a runed gate.
 11828 | D:6      | Found a glowing silver altar of Zin.
 11888 | D:6      | Found a snail-covered altar of Cheibriados.
 11996 | D:6      | Found a glowing golden altar of the Shining One.
 12385 | D:6      | Killed MisterFreud's ghost
 12385 | D:6      | Reached skill level 10 in Hexes
 12700 | D:7      | Found a staircase to the Ecumenical Temple.
 12932 | D:8      | Reached skill level 9 in Stealth
 12964 | D:8      | Killed an elephant
 12966 | D:8      | Killed a two-headed ogre
 13263 | D:8      | Reached skill level 10 in Stealth
 13565 | D:8      | Found a staircase to the Lair.
 13686 | D:8      | Found a white marble altar of Elyvilon.
 13709 | D:8      | Found a sacrificial altar of Ru.
 14024 | D:9      | Reached skill level 10 in Dodging
 14347 | D:9      | Found a roughly hewn altar of Beogh.
 14444 | D:9      | Found a runed gate.
 14445 | D:9      | Found a runed gate.
 14456 | D:9      | Found a roughly hewn altar of Beogh.
 14680 | D:9      | Killed Thaneod's ghost
 14680 | D:9      | Reached XP level 11. HP: 48/54 MP: 24/24
 14778 | Orc:1    | Entered Level 1 of the Orcish Mines
 15248 | Orc:2    | Entered Level 2 of the Orcish Mines
 15252 | Orc:2    | Noticed an orc sorcerer
 15253 | Orc:2    | Reached skill level 11 in Stealth
 15264 | Orc:2    | Killed an orc sorcerer
 15495 | Orc:1    | Learned a level 6 spell: Deflect Missiles
 15497 | Orc:1    | Learned a level 1 spell: Summon Butterflies
 15518 | Orc:2    | Reached skill level 10 in Short Blades
 15542 | Orc:2    | Reached skill level 5 in Fighting
 15749 | Orc:2    | Noticed an orc sorcerer
 15764 | Orc:2    | Killed an orc sorcerer
 16214 | Orc:2    | Found a staircase to the Elven Halls.
 16358 | Orc:2    | Reached skill level 12 in Stealth
 16744 | Orc:2    | Noticed an orc high priest
 16752 | Orc:2    | Killed an orc high priest
 16848 | Orc:2    | Noticed an orc high priest
 17001 | Orc:2    | Noticed an orc high priest
 17030 | Orc:2    | Killed an orc high priest
 17037 | Orc:2    | Killed an orc high priest
 17037 | Orc:2    | Reached skill level 13 in Stealth
 17066 | Orc:2    | Noticed an orc knight
 17073 | Orc:2    | Killed an orc knight
 17097 | Orc:2    | Reached XP level 12. HP: 62/62 MP: 15/25
 17241 | Orc:2    | Reached skill level 14 in Stealth
 17590 | Orc:2    | Noticed an orc high priest
 17590 | Orc:2    | Noticed an orc high priest
 17597 | Orc:2    | Found Vaosch's Gadget Boutique.
 17597 | Orc:2    | Found Qigin's Weapon Boutique.
 17602 | Orc:2    | Found Gipra's Magic Scroll Shop.
 17602 | Orc:2    | Found Xess's Magic Scroll Boutique.
 17604 | Orc:2    | Killed an orc high priest
 17610 | Orc:2    | Killed an orc high priest
 17631 | Orc:2    | Bought a scroll of acquirement for 676 gold pieces
 17631 | Orc:2    | Bought a scroll of enchant armour for 97 gold pieces
 17631 | Orc:2    | Bought a scroll of blinking for 97 gold pieces
 17631 | Orc:2    | Bought a scroll of magic mapping for 45 gold pieces
 17633 | Orc:2    | Bought a scroll of enchant weapon for 90 gold pieces
 17633 | Orc:2    | Bought a scroll of enchant armour for 90 gold pieces
 17633 | Orc:2    | Bought a scroll of blinking for 90 gold pieces
 17633 | Orc:2    | Bought a scroll of teleportation for 36 gold pieces
 17633 | Orc:2    | Bought a scroll of teleportation for 36 gold pieces
 17633 | Orc:2    | Bought a scroll of fear for 42 gold pieces
 17638 | Orc:2    | Bought a scroll of vulnerability for 97 gold pieces
 17853 | Orc:1    | Found a roughly hewn altar of Beogh.
 18093 | Lair:1   | Entered Level 1 of the Lair of Beasts
 18131 | Lair:1   | Noticed Gastronok
 18214 | D:8      | Killed Gastronok
 18214 | D:8      | Reached skill level 15 in Stealth
 18326 | Lair:1   | Noticed Fannar
 18333 | Lair:1   | Killed Fannar
 18413 | Lair:1   | Learned a level 5 spell: Summon Mana Viper
 18521 | Lair:1   | Reached skill level 16 in Stealth
 18570 | Lair:1   | Noticed Grum
 18771 | Lair:1   | Noticed a four-headed hydra
 18798 | Lair:1   | Killed a four-headed hydra
 19453 | Lair:2   | Reached XP level 13. HP: 70/70 MP: 27/27
 19683 | Lair:2   | Killed Grum
 19782 | Lair:2   | Reached skill level 17 in Stealth
 20271 | Lair:2   | Found a staircase to the Swamp.
 20280 | Lair:2   | Reached skill level 10 in Spellcasting
 21045 | Lair:3   | Found a frozen archway.
 21122 | IceCv    | Entered an ice cave
 21143 | IceCv    | Reached skill level 10 in Fighting
 21176 | IceCv    | Reached skill level 1 in Charms
 21181 | IceCv    | Reached skill level 1 in Air Magic
 21182 | IceCv    | Reached skill level 18 in Stealth
 22062 | IceCv    | Noticed a frost giant
 22082 | IceCv    | Killed a frost giant
 22082 | IceCv    | Reached skill level 5 in Charms
 22418 | Lair:3   | Noticed Snorg
 22485 | Lair:3   | Killed Snorg
 23247 | Lair:4   | Reached XP level 14. HP: 77/77 MP: 29/29
 23423 | Lair:4   | Found a staircase to the Snake Pit.
 23873 | Snake:1  | Entered Level 1 of the Snake Pit
 24212 | Lair:5   | Reached skill level 5 in Air Magic
 24390 | Lair:5   | Noticed Rupert
 24447 | Lair:5   | Found a staircase to the Slime Pits.
 24491 | Lair:5   | Reached skill level 10 in Charms
 26364 | Lair:5   | Killed Rupert
 26418 | Lair:6   | Entered Level 6 of the Lair of Beasts
 26496 | Lair:6   | Learned a level 5 spell: Yara's Violent Unravelling
 26576 | Lair:5   | Reached skill level 19 in Stealth
 26743 | Lair:6   | Reached skill level 1 in Shields
 27132 | Lair:6   | Found a runed gate.
 27134 | Lair:6   | Found a runed gate.
 27238 | Lair:6   | Found a runed gate.
 27238 | Lair:6   | Noticed Pusaoj's ghost (journeyman MiBe)
 27239 | Lair:6   | Noticed Zuhuvud's ghost (journeyman TrMo)
 27249 | Lair:6   | Killed Zuhuvud's ghost
 27252 | Lair:6   | Killed Pusaoj's ghost
 28616 | Lair:6   | Reached skill level 5 in Shields
 28619 | Lair:6   | Reached XP level 15. HP: 67/81 MP: 30/30
 29200 | D:10     | Entered Level 10 of the Dungeon
 29297 | D:10     | Found Cylikuog's Food Boutique.
 29363 | D:10     | Found Laul's Antique Weapon Shop.
 29409 | D:10     | Bought a glowing short sword for 168 gold pieces
 29442 | D:10     | Found Nehelaf's Assorted Antiques.
 29448 | D:10     | Found Loustuic's Jewellery Boutique.
 29477 | D:10     | Bought a sedimented orange potion for 16 gold pieces
 29523 | D:10     | Found Ycuff's Weapon Shop.
 32489 | D:14     | Found a blossoming altar of Fedhas.
 33763 | D:14     | Found a gate to the Vaults.
 33865 | D:15     | Entered Level 15 of the Dungeon
 33866 | D:15     | Noticed Azrael
 33943 | D:15     | Noticed Josephine
 33950 | D:15     | Reached skill level 20 in Stealth
 34335 | D:15     | Killed Azrael
 34595 | D:15     | Reached XP level 16. HP: 88/88 MP: 14/31
 35102 | D:15     | Killed Josephine
 35461 | D:15     | Found a staircase to the Depths.
 35943 | Swamp:1  | Entered Level 1 of the Swamp
 35960 | Swamp:1  | Found a runed door.
 35960 | Swamp:1  | Found a shimmering altar of Xom.
 35960 | Swamp:1  | Noticed Roghewn's ghost (adept FoFi)
 36328 | Swamp:1  | Reached XP level 17. HP: 88/93 MP: 1/32
 37023 | Swamp:1  | Killed Roghewn's ghost
 37023 | Swamp:1  | Reached skill level 21 in Stealth
 37216 | Swamp:1  | Noticed Jorgrun
 37228 | Swamp:1  | Killed Jorgrun
 37493 | Swamp:2  | Got a translucent long sword
 38107 | Swamp:3  | Paralysed by a hornet for 1 turns
 38683 | Swamp:3  | Reached skill level 15 in Hexes
 39566 | Swamp:4  | Entered Level 4 of the Swamp
 39818 | Swamp:3  | Reached skill level 22 in Stealth
 40507 | Swamp:4  | Reached XP level 18. HP: 61/99 MP: 2/33
 40730 | Swamp:4  | Noticed Nikola
 42076 | Swamp:4  | Got a decaying rune of Zot
 42863 | Swamp:4  | Killed Nikola
 42885 | Swamp:4  | Identified the +8 long sword "Westy" {slice, Str+7} (You
                  | found it on level 2 of the Swamp)
 43262 | Snake:1  | Noticed Louise
 43265 | Snake:1  | Killed Louise
 43277 | Snake:1  | Learned a level 8 spell: Discord
 43571 | Snake:1  | Got a brightly glowing war axe
 43719 | Snake:1  | Reached skill level 23 in Stealth
 44303 | Snake:1  | Noticed kirsanium's ghost (adept DECj)
 44304 | Snake:1  | Found the +6 lightning scales {run, rElec}
 44331 | Snake:1  | Found a runed gate.
 44332 | Snake:1  | Found a runed gate.
 44332 | Snake:1  | Found a runed gate.
 44518 | Snake:1  | Killed kirsanium's ghost
 44706 | Snake:1  | Got a silken robe
 44717 | Snake:1  | Identified the +0 robe "Buyviese" {rElec rPois rF-} (You
                  | found it on level 1 of the Snake Pit)
 45323 | Snake:2  | Noticed Potteusyxu's ghost (adept MiBe)
 45844 | Snake:2  | Found a runed gate.
 45844 | Snake:2  | Found a runed gate.
 45856 | Snake:2  | Found a runed gate.
 46105 | Snake:1  | Killed Potteusyxu's ghost
 46626 | Snake:3  | Found Uforruj's Gadget Emporium.
 46627 | Snake:3  | Found Reetin's Jewellery Shop.
 46628 | Snake:3  | Found Jear Rotu's Gadget Emporium.
 46864 | Snake:3  | Reached skill level 1 in Evocations
 46996 | Snake:3  | Reached XP level 19. HP: 106/106 MP: 30/37
 47197 | Snake:3  | Found Toucw's Jewellery Emporium.
 47232 | Snake:3  | Bought a +5 amulet of reflection for 618 gold pieces
 47474 | Snake:4  | Entered Level 4 of the Snake Pit
 47729 | Snake:3  | Reached skill level 24 in Stealth
 47981 | Snake:4  | Found Qarumnec's Antique Weapon Emporium.
 48512 | Snake:4  | Reached skill level 15 in Spellcasting
 49719 | Snake:4  | Got a serpentine rune of Zot
 49822 | Snake:4  | Learned a level 3 spell: Spectral Weapon
 49828 | Snake:4  | Learned a level 5 spell: Silence
 50119 | Elf:1    | Entered Level 1 of the Elven Halls
 50183 | Elf:1    | Cast into level 1 of the Abyss (deep elf mage)
 50183 | Abyss:1  | Found a corrupted altar of Lugonu.
 50514 | Elf:1    | Escaped the Abyss
 50909 | Snake:3  | Bought a +5 ring of slaying for 1705 gold pieces
 51925 | Elf:1    | Reached skill level 5 in Evocations
 51955 | Elf:1    | Noticed a Brimstone Fiend
 52645 | Elf:1    | Reached XP level 20. HP: 111/111 MP: 41/41
 53318 | Elf:2    | Found a runed gate.
 53318 | Elf:2    | Found a runed gate.
 53318 | Elf:2    | Found a runed gate.
 55388 | Elf:3    | Entered Level 3 of the Elven Halls
 55410 | Elf:3    | Found a deep blue altar of Sif Muna.
 55928 | Elf:3    | HP: 1/111 [+6 battleaxe of flaming (5)]
 57033 | Elf:3    | Got a polished short sword
 57034 | Elf:3    | Identified the cursed +1 short sword of Integrity {pain,
                  | Str+4} (You found it on level 3 of the Elven Halls)
 57683 | Elf:3    | Slain by a reaper

Vault maps used:
D:1:      dpeg_arrival_leaves_temple_mockup, minivault_27, minmay_misc_feat_iff,
          minmay_misc_feat_tower
D:2:      grunt_ministairs_9, kennysheep_generic_room_9, uniq_terence,
          uniq_sigmund, uniq_robin
D:4:      ebering_ghost_rock_garden, serial_park_tiny_1, uniq_natasha, uniq_ijyb
D:5:      kennysheep_ying_yang, nicolae_ashenzari_panopticon, first_ration,
          gammafunk_ghost_cemetery, nicolae_dithmenos_shadow_blocks, uniq_pikel
D:6:      marbit_many_paths, nicolae_tso_swordbearing_angel, zin_academy,
          gammafunk_ghost_split, lemuel_old_faithful
D:7:      minmay_temple_entry_statues_fountains, uniq_prince_ribbit1
D:8:      nicolae_ru_sacrificial_ziggurat, david_lair_generic, elyvilon_altar_4
D:9:      vehumet_altar_wand_db, kennysheep_mini_moat,
          overflow_temple_1_default, orc_0_dummy, special_room,
          biasface_ghost_orc_armoury
D:10:     serial_shops, nicolae_shop_statue_plus, nicolae_shop_trees,
          shop_fountains, shop, shop
D:12:     minmay_crescents, the_bakery, spider_trap, nicolae_two_hexagons,
          minmay_misc_feat_room
D:14:     lightli_vaults_fourway_checkpoint, fedhas_altar_2
D:15:     gammafunk_enter_depths_forms, serial_park_square2, uniq_josephine,
          uniq_azrael
Temple:   minmay_freezing_vapour_temple
Lair:1:   minmay_holes, st_stairs_7, uniq_grum, uniq_gastronok, uniq_fannar
Lair:2:   nicolae_swamp_entry_splash_gauntlet, serial_bayou_crossing,
          grunt_megastairs_1, serial_bayou_shore_a, infiniplex_staircase_pool_2,
          minmay_lair_oklob_chamber
Lair:3:   portal_ice_cave_entry_pillars_2, gammafunk_lair_bear_cave,
          serial_bayou_shore_b, grunt_megastairs_4, uniq_snorg
Lair:4:   minmay_snake_entry_guardpost_small, wad_woods_road_05
Lair:5:   minmay_slime_entry_eyes, bobbens_dragon_lair_wall, grunt_megastairs_2,
          uniq_rupert
Lair:6:   minmay_lair_end_enchanted_forest, gammafunk_ghost_cemetery,
          grunt_megastairs_5
Swamp:1:  ebering_ghost_xom, infiniplex_staircase_pool, uniq_jorgrun
Swamp:2:  evilmike_swamp_ruin_rubble_1
Swamp:3:  nicolae_swamp_phyte_club, hangedman_swamp_pad
Swamp:4:  swamp, uniq_nikola
Snake:1:  cheibrodos_snake_lava_hold, gammafunk_ghost_split, uniq_louise
Snake:2:  gammafunk_ghost_split, nrook_loot_triangle
Snake:3:  minmay_shop_enchanted_jewellery, minmay_shop_grove
Snake:4:  snake_pit, serial_shops, shop
Orc:1:    mines1_david
Orc:2:    st_orc_pillars
Elf:1:    eino_elf_arrival_shootout, hangedman_elf_represent
Elf:2:    serial_sigils, serial_sigils_hangedman_stare,
          serial_sigils_hangedman_quiver, serial_sigils_hangedman_writhe,
          serial_sigils_hangedman_etch, serial_sigils_hangedman_quiver
Elf:3:    minmay_elf_hall_x, basic_altar
IceCv:    ice_cave_small_giant

Skill      XL: |  1  2  3  4  5  6  7  8  9 10 11 12 13 14 15 16 17 18 19 20 |
---------------+-------------------------------------------------------------+-----
Spellcasting   | 3 4 5 6 8 9 10 13 16 17 | 17.8
Stealth        | 5 6 8 10 13 16 18 19 20 22 23 24 | 24.0
Hexes          | 4 5 9 10 12 14 15 16 17 | 17.8
Short Blades   | 2 3 4 6 8 9 10 | 10.0
Dodging        | 4 5 6 7 8 10 12 | 12.0
Fighting       | 2 3 4 6 9 10 11 12 14 | 14.0
Charms         | 7 10 12 | 12.0
Air Magic      | 4 5 |  5.0
Shields        | 5 7 |  7.5
Evocations     | 1 6 8 |  8.0

Action                   |  1- 3 |  4- 6 |  7- 9 | 10-12 | 13-15 | 16-18 | 19-21 || total
-------------------------+-------+-------+-------+-------+-------+-------+-------++-------
Melee: Dagger            |    34 |    32 |   381 |   650 |   872 |   541 |       ||  2510
       Rapier            |       |       |       |       |       |   338 |  1011 ||  1349
 Cast: Corona            |     4 |       |       |       |       |       |       ||     4
       Ensorcelled Hiber |    17 |    14 |    80 |   136 |   276 |   132 |    10 ||   665
       Confuse           |       |    11 |    31 |    97 |   168 |   272 |    97 ||   676
       Tukima's Dance    |       |     4 |       |       |    41 |    12 |       ||    57
       Dazzling Spray    |       |     1 |     3 |    58 |   123 |    34 |    55 ||   274
       Deflect Missiles  |       |       |       |       |     2 |     1 |     2 ||     5
       Summon Butterflie |       |       |       |       |     2 |       |       ||     2
       Spectral Weapon   |       |       |       |       |       |       |    13 ||    13
       Discord           |       |       |       |       |       |       |     2 ||     2
       Regeneration      |       |       |       |       |       |       |     1 ||     1
Evoke: Wand              |       |       |       |       |       |       |    10 ||    10
  Use: Scroll            |       |     8 |    19 |     1 |    11 |     8 |     1 ||    48
       Potion            |       |       |       |       |       |     2 |     3 ||     5
 Stab: Sleeping          |    11 |    10 |    54 |   108 |   245 |   127 |    55 ||   610
       Confused          |       |     5 |    29 |    79 |   125 |   148 |    46 ||   432
       Distracted        |       |     1 |     3 |     6 |    11 |    11 |    24 ||    56
       Invisible         |       |       |       |    18 |    37 |    10 |    24 ||    89
       Petrified         |       |       |       |       |     2 |       |       ||     2
  Eat: Ration            |       |     3 |     5 |     5 |     5 |     5 |     8 ||    31
Armor: Robe              |     4 |     3 |    18 |     9 |    41 |    35 |    48 ||   158
Dodge: Dodged            |    34 |    32 |   368 |   369 |   694 |   619 |   407 ||  2523
       Deflected         |       |       |       |       |     4 |    39 |    45 ||    88
Block: Buckler           |       |       |       |       |   146 |   335 |   485 ||   966
       Reflection        |       |       |       |       |       |       |    61 ||    61

Table legend:
 A = Non-vault XP
 B = Vault XP
 C = Vault XP percentage of total XP
 D = Non-vault monster count
 E = Vault monster count
 F = Vault count percentage of total count
                 A         B        C        D         E       F
            +---------+---------+-------+---------+---------+-------
      Total |  268922 |  208537 |  43.7 |     875 |     473 |  35.1
            +---------+---------+-------+---------+---------+-------
        D:1 |      22 |       0 |   0.0 |      11 |       0 |   0.0
        D:2 |      92 |      78 |  45.9 |      15 |      16 |  51.6
        D:3 |      53 |     220 |  80.6 |      17 |       1 |   5.6
        D:4 |     387 |     262 |  40.4 |      21 |       3 |  12.5
        D:5 |     177 |    1979 |  91.8 |      10 |       4 |  28.6
        D:6 |     722 |     864 |  54.5 |      16 |       5 |  23.8
        D:7 |    1071 |     277 |  20.5 |      16 |       1 |   5.9
        D:8 |    2558 |    2762 |  51.9 |      35 |       5 |  12.5
        D:9 |     734 |    1634 |  69.0 |      13 |      38 |  74.5
       D:10 |    1239 |       0 |   0.0 |      25 |       0 |   0.0
       D:11 |    3455 |       0 |   0.0 |      23 |       0 |   0.0
       D:12 |    3721 |    7324 |  66.3 |      23 |      15 |  39.5
       D:13 |    2770 |       0 |   0.0 |      17 |       0 |   0.0
       D:14 |   13357 |    8298 |  38.3 |      44 |      16 |  26.7
       D:15 |   13728 |    6256 |  31.3 |      39 |      19 |  32.8
     Lair:1 |    7261 |    1515 |  17.3 |      26 |       5 |  16.1
     Lair:2 |    7730 |    1973 |  20.3 |      28 |      11 |  28.2
     Lair:3 |    5286 |    2070 |  28.1 |      26 |       5 |  16.1
     Lair:4 |    2403 |     639 |  21.0 |      11 |       4 |  26.7
     Lair:5 |   10079 |    9936 |  49.6 |      29 |      23 |  44.2
     Lair:6 |    8688 |   10679 |  55.1 |      22 |      46 |  67.6
    Swamp:1 |    8235 |    6429 |  43.8 |      25 |       3 |  10.7
    Swamp:2 |    9013 |       0 |   0.0 |      30 |       0 |   0.0
    Swamp:3 |   19854 |    7916 |  28.5 |      44 |       6 |  12.0
    Swamp:4 |   12459 |   21320 |  63.1 |      24 |      28 |  53.8
    Snake:1 |   14565 |   15772 |  52.0 |      28 |      20 |  41.7
    Snake:2 |   17305 |    4516 |  20.7 |      34 |       7 |  17.1
    Snake:3 |   15589 |       0 |   0.0 |      27 |       0 |   0.0
    Snake:4 |   19443 |   31893 |  62.1 |      36 |      44 |  55.0
      Orc:1 |    1037 |       0 |   0.0 |      16 |       0 |   0.0
      Orc:2 |    3928 |   10291 |  72.4 |      41 |      65 |  61.3
      Elf:1 |   27733 |    7050 |  20.3 |      43 |      10 |  18.9
      Elf:2 |   11492 |   20932 |  64.6 |      18 |      26 |  59.1
      Elf:3 |   18184 |   16576 |  47.7 |      34 |      11 |  24.4
    Abyss:1 |    4552 |       0 |   0.0 |       8 |       0 |   0.0
      IceCv |       0 |    9076 | 100.0 |       0 |      36 | 100.0
            +---------+---------+-------+---------+---------+-------
